 Dungeon Crawl Stone Soup version 0.20.1-1-g8b1a95d (webtiles) character file.

124 Targos the Charmwright (level 5, 0/39 HPs)
             Began as a Human Skald on Sept 7, 2017.
             Slain by a river rat (9 damage)
             ... in a sewer.
             The game lasted 00:27:48 (2033 turns).

Targos the Charmwright (Human Skald)                Turns: 2033, Time: 00:27:48

Health: 0/39       AC:  5    Str: 12    XL:     5   Next: 30%
Magic:  0/9        EV: 12    Int: 14    God:
Gold:   110        SH:  0    Dex: 12    Spells: 1/9 levels left

rFire    . . .     SeeInvis .   a - +0 hand axe
rCold    . . .     Gourm    .   (no shield)
rNeg     . . .     Faith    .   b - +0 leather armour
rPois    .         Spirit   .   h - +1 helmet
rElec    .         Reflect  .   (no cloak)
rCorr    .         Harm     .   (no gloves)
MR       .....                  (no boots)
Stlth    +.........             (no amulet)
Regen    0.2/turn               (no ring)
MPRegen  0.2/turn               (no ring)

@: very slightly contaminated
A: no striking features
a: no special abilities


You were in a sewer.
You were not hungry.

You visited 1 branch of the dungeon, and saw 3 of its levels.
You also visited: Sewer.

You collected 110 gold pieces.

Inventory:

Hand Weapons
 a - a +0 hand axe (weapon)
Armour
 b - a +0 leather armour (worn)
 h - a +1 helmet (worn)
Scrolls
 k - a scroll of fog {unknown}
Potions
 f - 2 potions of lignification {unknown}
 g - a potion of curing
 j - a potion of flight {unknown}
Books
 c - a book of Battle

   Spells                             Type                      Level
   a - Infusion                       Charms                       1
   b - Shroud of Golubria             Charms/Translocation         2
   c - Song of Slaying                Charms                       2
   d - Spectral Weapon                Hexes/Charms                 3
   e - Regeneration                   Charms/Necromancy            3
Comestibles
 d - a bread ration


   Skills:
 + Level 2.3 Fighting
 + Level 3.1 Axes
 + Level 1.7 Armour
 + Level 2.3 Dodging
 + Level 2.7 Spellcasting
 + Level 3.7 Charms


You had one spell level left.
You knew the following spells:

 Your Spells              Type           Power        Failure   Level  Hunger
a - Infusion              Chrm           ##..         6%          1    #......
b - Song of Slaying       Chrm           ##......     9%          2    ###....
c - Shroud of Golubria    Chrm/Tloc      #.........   21%         2    ###....
d - Regeneration          Chrm/Necr      #.........   36%         3    ###....


Dungeon Overview and Level Annotations

Branches:
Dungeon (3/15)

Altars:


Message History

You see here a rat corpse.
You closely miss the river rat. The river rat bites you.
You closely miss the river rat. You hit the rat.
You kill the rat!
The river rat bites you. x2
* * * LOW HITPOINT WARNING * * *
Casting: Infusion
Confirm with . or Enter, or press ? or * to list all spells.
You miscast Regeneration.
You are very lightly contaminated with residual magic.
Your bones ache.
The river rat bites you but does no damage.
You closely miss the river rat. You barely miss the rat.
The rat splashes around in the water.
The river rat barely misses you.
You hit the river rat but do no damage. You closely miss the rat.
The rat bites you but does no damage.
You hit the river rat.
The river rat is moderately wounded.
You closely miss the rat. The rat closely misses you. The river rat bites you!
You die...

. ###################
...#≈≈≈≈≈≈≈†@≈≈≈≈≈≈..###
...≈≈≈≈≈≈rrrr≈≈≈≈≈≈≈...##
...≈≈≈≈≈≈≈≈≈#≈≈#≈≈≈≈....#
....≈≈≈≈≈≈≈≈≈≈≈≈≈≈≈≈....#
...≈≈≈≈≈≈≈≈≈≈≈≈≈≈≈≈≈....##
##.#≈≈≈≈≈≈≈≈≈≈≈≈≈≈≈......#
# ##################....#
##...## ##...#


You could see a river rat and 3 rats.

Vanquished Creatures
  2 river rats (Sewer)
  6 adders
  A dart slug (D:2)
  5 giant cockroaches
  2 goblins (D:2)
  5 hobgoblins
  5 jackals (D:2)
  3 ball pythons
  3 bats (D:1)
  5 frilled lizards
  6 kobolds
  13 rats
56 creatures vanquished.

Notes
Turn   | Place    | Note
-------+----------+-------------------------------------------
     0 | D:1      | Targos the Human Skald began the quest for the Orb.
     0 | D:1      | Reached XP level 1. HP: 16/16 MP: 3/3
     0 | D:1      | Shields
     0 | D:1      | Hexes
   142 | D:1      | Reached XP level 2. HP: 14/22 MP: 0/5
   146 | D:1      | Learned a level 2 spell: Song of Slaying
   149 | D:1      | Learned a level 2 spell: Shroud of Golubria
   593 | D:2      | Reached XP level 3. HP: 26/27 MP: 2/6
  1162 | D:2      | Reached XP level 4. HP: 33/33 MP: 2/7
  1433 | D:2      | Learned a level 3 spell: Regeneration
  1842 | D:3      | Found a glowing drain.
  1884 | Sewer    | Entered a sewer
  1910 | Sewer    | Reached XP level 5. HP: 36/39 MP: 0/9
  2033 | Sewer    | Slain by a river rat

Skill      XL: |  1  2  3  4 |
---------------+-------------+-----
Axes           | 3 |  3.1
Fighting       | |  2.3
Armour         | |  1.7
Dodging        | |  2.3
Spellcasting   | |  2.7
Charms         | |  3.7

Action                   |  1- 3 |  4- 6 || total
-------------------------+-------+-------++-------
Melee: Hand axe          |    78 |    81 ||   159
 Cast: Infusion          |    14 |     8 ||    22
       Shroud of Golubri |    13 |     7 ||    20
       Song of Slaying   |     9 |     6 ||    15
       Regeneration      |       |     2 ||     2
  Use: Scroll            |     4 |     1 ||     5
       Potion            |       |     1 ||     1
  Eat: Chunk             |     3 |     4 ||     7
Armor: Leather armour    |    23 |    22 ||    45
Dodge: Dodged            |    53 |    56 ||   109
